Map: Beckett Industries LE

Players

Warthog - Winner!

  • Race: Terran Terran
  • League: Master
  • Spawn Location: 7:00

Gelos

  • Race: Terran Terran
  • League: Grandmaster
  • Spawn Location: 1:00

VOD

Have the link to the VOD?

Description

Time

  • Played on: Jan. 4, 2022, 10:27 p.m.
  • Length: 12:47
Show
View Real Time Build Order
Export as new Build Order

Warthog Terran - Winner!

Build Orders:  

Get SALT Encoding   

  12  0:00  SCV  
  13  0:12  SCV  
  14  0:17  Supply Depot  
  14  0:24  SCV  
  15  0:38  SCV  
  15  0:39  Barracks  
  16  0:44  Refinery  
  16  0:51  SCV  
  16  0:54  Refinery  
  17  1:03  SCV  
  18  1:15  SCV  
  19  1:27  Reaper, Orbital Command  
  20  1:38  Supply Depot  
  20  1:44  Factory  
  20  1:54  SCV  
  21  1:59  Reaper  
  22  2:06  SCV  
  23  2:18  SCV  
  24  2:23  Command Center  
  24  2:35  Hellion  
  24  2:36  Reaper  
  27  2:39  Supply Depot  
  27  2:43  SCV  
  28  2:47  Starport  
  28  2:55  SCV  
  28  2:56  Hellion  
  31  3:07  SCV  
  31  3:08  Barracks Reactor  
  32  3:18  Factory Tech Lab  
  32  3:19  SCV  
  33  3:33  SCV  
  31  3:34  Medivac  
  33  3:37  Orbital Command  
  33  3:40  Siege Tank  
  38  3:44  Marine  
  38  3:45  Marine  
  38  3:46  SCV  
  41  3:48  Refinery  
  41  3:58  SCV  
  41  4:02  Marine x2  
  42  4:04  SCV  
  45  4:10  SCV  
  45  4:12  Starport Tech Lab  
  45  4:16  SCV  
  47  4:20  Supply Depot  
  47  4:22  SCV  
  48  4:24  Cyclone  
  48  4:25  Marine x2  
  48  4:26  Supply Depot  
  48  4:28  SCV  
  54  4:42  SCV  
  53  4:51  SCV  
  48  4:53  Raven  
  48  4:54  SCV, Marine x2, Command Center  
  53  5:09  SCV x2  
  53  5:11  Siege Tank  
  53  5:12  Refinery  
  53  5:13  Marine x2  
  60  5:18  Barracks  
  60  5:19  Barracks  
  60  5:21  SCV x2  
  60  5:26  Supply Depot  
  62  5:37  SCV  
  63  5:46  SCV  
  63  5:47  Siege Tank  
  63  5:49  SCV  
  59  5:54  Stimpack, Marine  
  59  5:56  Viking x2  
  64  5:58  SCV  
  64  6:01  SCV  
  67  6:11  SCV  
  67  6:13  Barracks Reactor x2, SCV, Marine  
  67  6:14  Orbital Command  
  69  6:20  Supply Depot  
  69  6:21  Siege Tank  
  72  6:26  Viking  
  69  6:42  Viking  
  58  6:53  Siege Tank  
  61  6:55  Orbital Command  
  58  7:02  Viking, Marine x5  
  58  7:04  SCV  
  66  7:19  Marine  
  66  7:21  Refinery, Medivac, SCV  
  66  7:22  SCV, Refinery  
  71  7:23  Marine x3  
  71  7:25  Siege Tank  
  77  7:30  Barracks  
  77  7:31  SCV, Medivac, Barracks  
  77  7:35  SCV x2  
  82  7:38  Engineering Bay  
  82  7:40  Engineering Bay  
  82  7:43  SCV  
  83  7:54  Marine x2  
  83  7:55  Medivac  
  83  7:57  Siege Tank  
  90  8:04  Marine x2  
  92  8:06  Terran Infantry Armor Level 1, Terran Infantry Weapons Level 1  
  92  8:07  SCV x3  
  92  8:08  Refinery  
  92  8:12  Supply Depot  
  91  8:19  SCV  
  92  8:26  Marine  
  92  8:27  Marine x3  
  92  8:28  Barracks Reactor x2, Marine  
  92  8:29  Combat Shield  
  92  8:30  SCV x2  
  92  8:31  SCV  
  100  8:36  Siege Tank  
  103  8:42  SCV  
  103  8:44  Marine x2  
  103  8:47  Viking  
  108  8:50  SCV  
  108  8:53  SCV  
  109  8:56  Supply Depot, Viking, Marine  
  109  8:57  SCV  
  109  8:59  Armory  
  109  9:02  Supply Depot  
  113  9:08  Siege Tank  
  116  9:13  SCV x2  
  116  9:16  Refinery  
  117  9:18  SCV  
  117  9:19  Factory  
  117  9:20  Supply Depot  
  116  9:25  SCV x2  
  116  9:26  Supply Depot  
  116  9:30  SCV  
  119  9:37  SCV  
  116  9:38  Viking  
  116  9:40  Siege Tank  
  116  9:41  Viking  
  116  9:44  Marine x2  
  125  9:48  Marine  
  125  9:49  Marine  
  127  9:54  Marine x2  
  123  10:00  SCV x3  
  123  10:03  Terran Infantry Weapons Level 2  
  123  10:04  Terran Vehicle Weapons Level 1  
  126  10:08  Medivac, Marine x2  
  126  10:09  Marine  
  126  10:12  Siege Tank  
  126  10:13  Marine x2  
  136  10:17  Factory Tech Lab, Marine  
  136  10:18  Marine  
  136  10:19  Marine x2  
  139  10:26  Marine x3  
  141  10:31  Marine x2  
  143  10:35  Marine x2  
  143  10:36  SCV  
  143  10:37  Marine x2  
  143  10:40  Supply Depot  
  143  10:42  Supply Depot  
  147  10:44  Marine x2  
  147  10:46  Command Center  
  147  10:47  Marine  
  147  10:49  Marine  
  149  10:51  Marine  
  149  10:53  Siege Tank, Marine x2  
  149  10:54  Viking  
  149  11:01  Marine x2  
  149  11:02  Siege Tank, Marine x2  
  156  11:05  Marine  
  156  11:07  Viking  
  156  11:08  Marine  
  156  11:09  Marine  
  161  11:12  Marine  
  161  11:13  SCV x2  
  161  11:17  Supply Depot  
  164  11:28  Missile Turret  
  164  11:29  Missile Turret  
  164  11:38  Marine  
  164  11:39  Liberator, Marine x4  
  172  11:40  Missile Turret  
  172  11:52  Siege Tank  
  172  11:55  Marine  
  172  11:57  Marine x6  
  172  11:58  Siege Tank  
  182  12:03  Viking, Marine x2  
  183  12:22  Marine  
Show
View Real Time Build Order
Export as new Build Order

Gelos Terran 

Build Orders: Cyclone Opening 

Get SALT Encoding   

  12  0:00  SCV  
  13  0:12  SCV  
  14  0:17  Supply Depot  
  14  0:24  SCV  
  15  0:39  SCV  
  15  0:40  Barracks  
  16  0:44  Refinery  
  16  0:51  SCV  
  16  0:53  Refinery  
  17  1:03  SCV  
  18  1:15  SCV  
  19  1:27  Reaper  
  19  1:28  Supply Depot  
  19  1:30  Orbital Command  
  20  1:46  Factory  
  20  1:56  SCV  
  20  1:59  Reaper  
  22  2:09  SCV  
  23  2:21  SCV  
  24  2:29  Command Center  
  24  2:32  Barracks Reactor  
  24  2:34  Factory Tech Lab  
  24  2:42  SCV  
  25  2:49  Starport  
  25  2:54  Cyclone  
  25  2:55  SCV  
  29  3:08  SCV  
  29  3:10  Marine  
  31  3:12  Refinery  
  31  3:22  Marine  
  31  3:30  SCV  
  31  3:42  Factory Tech Lab  
  31  3:47  SCV, Raven, Marine x2  
  36  3:50  Orbital Command  
  36  3:59  Supply Depot  
  36  4:00  Siege Tank  
  36  4:02  SCV  
  40  4:05  Marine x2  
  42  4:14  SCV  
  42  4:17  SCV  
  44  4:22  Marine  
  44  4:23  Marine  
  46  4:24  Supply Depot  
  46  4:26  SCV  
  46  4:30  SCV, Raven  
  51  4:38  SCV  
  49  4:49  Marine x2  
  49  4:52  Siege Tank  
  49  4:59  SCV x2  
  49  5:00  Supply Depot  
  49  5:03  Command Center  
  49  5:11  SCV x2  
  51  5:22  Supply Depot  
  51  5:23  SCV  
  51  5:24  Siege Tank  
  51  5:25  Viking x2  
  59  5:29  Stimpack  
  57  5:38  Marine  
  57  5:41  Barracks  
  58  5:51  Supply Depot  
  58  5:55  Liberator, Viking  
  58  5:56  Marine  
  64  6:06  SCV x2  
  64  6:09  Barracks, Siege Tank  
  69  6:15  Refinery  
  69  6:18  SCV  
  70  6:22  Marine  
  70  6:25  SCV  
  72  6:28  Viking  
  72  6:30  SCV  
  75  6:38  Viking  
  59  7:00  Marine  
  59  7:02  Barracks Reactor x2, Barracks  
  59  7:03  Barracks  
  59  7:04  Engineering Bay  
  59  7:05  Engineering Bay  
  56  7:08  Siege Tank  
  56  7:09  Viking  
  56  7:11  Orbital Command  
  60  7:19  Combat Shield  
  60  7:27  SCV x2  
  62  7:34  Terran Infantry Weapons Level 1  
  62  7:38  Terran Infantry Armor Level 1, Marine  
  62  7:39  SCV x2, Marine x4  
  62  7:41  SCV  
  68  7:51  SCV  
  69  7:56  Marine  
  69  7:58  Marine x5  
  68  8:00  Marine  
  70  8:09  SCV x2  
  70  8:13  Marine  
  70  8:16  Siege Tank, Marine x3  
  70  8:19  Medivac  
  79  8:23  SCV x3  
  79  8:24  Supply Depot, Barracks Reactor  
  82  8:27  Barracks Reactor, Refinery  
  82  8:31  Marine  
  82  8:32  Medivac  
  82  8:33  Marine  
  82  8:34  Marine  
  86  8:35  SCV x2  
  87  8:47  Sensor Tower  
  87  8:49  Refinery  
  87  8:58  SCV x3  
  87  8:59  Marine x5  
  95  9:05  Medivac x2  
  95  9:06  Siege Tank  
  101  9:10  SCV  
  101  9:14  Marine x4  
  101  9:17  Marine x3  
  106  9:18  Armory  
  109  9:24  SCV, Marine  
  109  9:25  SCV  
  109  9:36  Marine x2  
  109  9:45  Supply Depot  
  109  9:46  Supply Depot  
  109  9:51  Viking, Marine  
  109  9:54  Marine  
  109  9:59  Marine  
  109  10:07  Viking, Marine x6  
  109  10:09  Supply Depot, Marine  
  109  10:10  Siege Tank  
  109  10:12  Supply Depot, Marine  
  122  10:17  Marine  
  120  10:24  Marine x6  
  120  10:27  Marine  
  124  10:29  Marine  
  124  10:35  Marine  
  126  10:42  Siege Tank, Marine x6  
  129  10:43  SCV x3  
  129  10:44  Marine  
  105  10:57  Marine  
  105  10:58  Marine  
  105  11:00  Marine x3  
  103  11:13  Marine  
  103  11:14  Siege Tank, Marine x3  
  103  11:15  Marine  
  109  11:19  Marine x4  
  113  11:26  Medivac  
  113  11:27  Medivac  
  113  11:29  Supply Depot  
  113  11:30  SCV  
  113  11:31  SCV  
  119  11:38  Marine x5  
  124  11:46  Marine x4  
  128  11:55  Marine  
  128  11:59  Command Center  
  120  12:06  Siege Tank  
  107  12:23  Marine  
  107  12:25  Marine x8  
Tags
 
Add a new tag
Caveats
  • Supply blocks, unpowered buildings, or Contaminate may cause inaccurate times.
  • Supply counts are checked every 10 seconds.